 Dungeon Crawl Stone Soup version 0.23.1-37-gaa34b87b72 (webtiles) character file.

Game seed: 13389697376751640410

118451 Morbidden the Carver (level 16, -3/133 HPs)
             Began as a Demonspawn Gladiator on Mar 21, 2019.
             Was the Champion of Wu Jian.
             Slain by a two-headed ogre
             ... wielding a +0 giant spiked club
              (7 damage)
             ... while paralysed by an orc sorcerer
             ... on level 15 of the Dungeon on Mar 22, 2019.
             The game lasted 01:19:02 (22212 turns).

Morbidden the Carver (Demonspawn Gladiator)        Turns: 22212, Time: 01:19:02

Health: -3/133     AC: 23    Str: 17    XL:     16   Next: 25%
Magic:  20/20      EV:  2    Int:  9    God:    Wu Jian [******]
Gold:   1391       SH:  0    Dex: 25    Spells: 15/15 levels left

rFire    . . .     SeeInvis .   s - +1 falchion (protect)
rCold    . . .     Gourm    .   I - +0 shield {AC+3}
rNeg     + . .     Faith    .   y - +1 troll leather armour
rPois    .         Spirit   .   X - +1 helmet
rElec    .         Reflect  .   j - +0 cloak
rCorr    .         Harm     .   l - +0 pair of gloves
MR       +....                  (boots unavailable)
Stlth    ++........             P - amulet of regeneration
HPRegen  1.12/turn              q - +6 ring of evasion
MPRegen  0.17/turn              E - ring of Biczesyg {rN+ Dex+5}

@: paralysed, lethally poisoned (-3 -> -3), protection aura
A: talons 3, slimy green scales 2, demonic guardian 2, rot immunity
a: Wall Jump, Serpent's Lash, Heavenly Storm, Renounce Religion


You were on level 15 of the Dungeon.
You worshipped Wu Jian.
Wu Jian was exalted by your worship.
You were not hungry.

You visited 3 branches of the dungeon, and saw 22 of its levels.
You also visited: Bailey, Ice Cave and Volcano.

You collected 2164 gold pieces.
You spent 773 gold pieces at shops.

Inventory:

Hand Weapons
 s - a +1 falchion of protection (weapon)
 G - a +0 short sword of electrocution
Missiles
 d - 4 throwing nets (quivered)
 O - 20 javelins of returning
Armour
 j - a +0 cloak (worn)
 l - a +0 pair of gloves (worn)
 y - a +1 troll leather armour (worn)
 I - a +0 shield of protection (worn)
 X - a +1 helmet (worn)
Jewellery
 q - a +6 ring of evasion (left hand)
 D - an uncursed ring of protection from magic
 E - the ring of Biczesyg (right hand) {rN+ Dex+5}
   (You found it on level 11 of the Dungeon)

   [ring of positive energy]

   It affects your dexterity (+5).
   It protects you from negative energy.
 M - an uncursed ring of protection from fire
 P - an amulet of regeneration (around neck)
 T - an uncursed ring of ice
 U - an uncursed ring of flight {unknown}
Wands
 a - a wand of acid (10)
 c - a wand of random effects (35)
 B - a wand of iceblast (9)
 F - a wand of flame (21)
Scrolls
 b - 3 scrolls of blinking
 h - a scroll of immolation
 m - a scroll of amnesia
 n - 8 scrolls of remove curse
 p - 16 scrolls of teleportation
 u - 3 scrolls of magic mapping
 x - 3 scrolls of enchant armour
 C - a scroll of holy word
 L - 2 scrolls of enchant weapon
 Q - a scroll of fog
 S - a scroll of noise {unknown}
 V - a scroll of identify
 W - a scroll of summoning {unknown}
Potions
 e - 5 potions of curing
 g - 3 potions of invisibility {unknown}
 i - 4 potions of brilliance
 k - 2 potions of lignification
 o - 3 potions of might {unknown}
 r - 5 potions of haste
 t - a potion of resistance {unknown}
 v - 3 potions of berserk rage
 w - 5 potions of flight
 z - a potion of ambrosia {unknown}
 A - 2 potions of cancellation {unknown}
 K - a potion of agility {unknown}
 N - 2 potions of magic {unknown}
Miscellaneous
 H - a lightning rod (1/4)
 R - a phantom mirror
Comestibles
 f - 34 rations


   Skills:
 * Level 14.1 Fighting
 + Level 5.2(11.0) Short Blades
 * Level 14.6(14.9) Long Blades
 - Level 2.1 Throwing
 + Level 5.5 Armour
 * Level 13.3 Dodging
 - Level 0.1 Stealth
 * Level 4.2 Shields
 + Level 6.4 Evocations


You had 15 spell levels left.
You didn't know any spells.
Your spell library contained the following spells:

 Spells                   Type           Power        Failure   Level  Hunger
 Beastly Appendage        Tmut           #.....       89%         1    ##.....
 Infusion                 Chrm           #...         89%         1    ##.....
 Sting                    Conj/Pois      #...         89%         1    ##.....
 Summon Small Mammal      Summ           #...         89%         1    ##.....
 Blink                    Tloc           N/A          96%         2    ###....
 Call Imp                 Summ           #.......     96%         2    ###....
 Poisonous Vapours        Pois/Air       #.....       96%         2    ###....
 Shroud of Golubria       Chrm/Tloc      #.........   96%         2    ###....
 Song of Slaying          Chrm           #.......     96%         2    ###....
 Sticks to Snakes         Tmut           #.......     96%         2    ###....
 Call Canine Familiar     Summ           #.......     99%         3    ####...
 Gell's Gravitas          Tloc           #.........   99%         3    ####...
 Lesser Beckoning         Tloc           #.........   99%         3    ####...
 Mephitic Cloud           Conj/Pois/Air  #.......     99%         3    ####...
 Regeneration             Chrm/Necr      #.........   99%         3    ####...
 Spectral Weapon          Hex/Chrm       #.......     99%         3    ####...
 Spider Form              Tmut/Pois      #.........   99%         3    ####...
 Summon Guardian Golem    Hex/Summ       #.......     99%         3    ####...
 Teleport Other           Tloc           #.......     99%         3    ####...
 Cause Fear               Hex            #.........   100%        4    #####..
 Ice Form                 Ice/Tmut       #.......     100%        4    #####..
 Olgreb's Toxic Radiance  Pois           #.......     100%        4    #####..
 Passage of Golubria      Tloc           N/A          100%        4    #####..
 Summon Ice Beast         Ice/Summ       #.......     100%        4    #####..
 Summon Lightning Spire   Summ/Air       #.......     100%        4    #####..
 Blade Hands              Tmut           #.........   100%        5    ######.
 Silence                  Hex/Air        #.........   100%        5    ######.
 Venom Bolt               Conj/Pois      #.........   100%        5    ######.
 Yara's Violent Unravell  Hex/Tmut       #.........   100%        5    ######.
 Deflect Missiles         Chrm/Air       #.........   100%        6    #######
 Discord                  Hex            #.........   100%        8    #######


Dungeon Overview and Level Annotations

Branches:
Dungeon (15/15)            Temple (0/1) D:6            Lair (6/6) D:8
  Swamp (0/4) Lair:4       Spider (1/4) Lair:3          Orc (0/2) D:10
 Vaults (0/5) D:13         Depths (0/5) D:15
  Slime: Lair:5-6

Altars:
Ashenzari
Wu Jian
Yredelemnul

Shops:
D:6 (   D:7 *   D:12 ?   D:13 *

Annotations:
D:4 3 runed translucent doors, acidapple's ghost, amateur DEVM
D:12 3 runed translucent doors, SquishyGarg's ghost, journeyman GrFi
Lair:2 1 runed translucent door, Huxoxzufuz's ghost, journeyman GnFi
Lair:5 exclusion: oklob plant


Innate Abilities, Weirdness & Mutations

You have claws for feet.
You are mostly covered in slimy green scales. (AC +3)
A demonic guardian rushes to your aid.
You are immune to rotting.


Message History

The orc sorcerer gestures wildly while chanting.
Your orange demon stings the orc sorcerer from afar!
The orc sorcerer dies!
The Council accepts your kill.
The soul eater disappears in a puff of smoke!
The rust devil disappears in a puff of smoke!
The two-headed ogre hits you with a +0 giant spiked club.
* * * LOW HITPOINT WARNING * * *
The two-headed ogre hits you but does no damage.
Your orange demon stings the two-headed ogre from afar.
The ogre mage casts a spell.
The ogre mage blinks!
The two-headed ogre hits you with a +0 giant club!
* * * LOW HITPOINT WARNING * * *
The two-headed ogre hits you with a cursed -2 giant club!
* * * LOW HITPOINT WARNING * * *
The two-headed ogre hits you with a +0 giant spiked club!
* * * LOW HITPOINT WARNING * * *
The two-headed ogre hits you with a +0 giant spiked club!
You die...

...........).....................
##.##.###)()..##.#.##.......###.#
#.##...(..........<..........#.#
#.##.############..#.#...#...#..
#.##.# ##....^##.#.#.#.....#..
#.##.# ##.......###.#...#.#.#.[
#.##.# #..#####.§##.#.#.#+#.#.#
#(####..#§OO#..##.#.......#.#
#....'..#.OO@4.##.#.........#
#...)#..#..O#..##.#......#.##
##.##....#.)#####..# #.#.#.##.##
#....(...##.......## # #.##..#
#####....###.....## #.###.#
#....# ####### #.###.. ........
#.##... ####.#.### #.##... ....#
#.##...


You could see 4 two-headed ogres, an ogre and a friendly orange demon.

Vanquished Creatures
  Gastronok (Lair:2)
  A fire dragon (D:15)
  A yaktaur captain (D:13)
  2 catoblepae (Lair:6)
  6 hydras
  2 two-headed ogres
  2 tengu warriors (D:15)
  13 death yaks (Lair:6)
  3 skeletal warriors (D:13)
  A hell knight (Volcano)
  5 unseen horrors
  A deep troll (D:13)
  A wizard (D:15)
  A lindwurm (Lair:1)
  A phantasmal warrior (D:13)
  A deep elf mage (D:13)
  A harpy (shapeshifter) (D:13)
  A wolf spider (D:13)
  4 manticores
  11 ugly things
  4 elephants
  2 cyclopes
  2 ice statues (IceCv)
  2 torpor snails
  A naga mage (D:15)
  2 gargoyles
  2 centaur skeletons
  5 rime drakes
  8 spiny frogs
  3 yaktaurs
  5 komodo dragons
  A jumping spider (Lair:3)
  A kobold demonologist (D:15)
  2 trolls
  A tyrant leech (Lair:4)
  A meliai (D:13)
  A hornet (D:15)
  Grinder (D:3)
  11 dream sheep
  8 blink frogs
  11 hippogriffs
  5 shadows
  4 wyverns
  26 yaks
  A spriggan (D:7)
  A wraith (D:14)
  A vampire (D:13)
  2 basilisks
  4 hungry ghosts
  7 vampire mosquitoes
  2 swamp worms (Lair:4)
  An acid dragon (D:15)
  10 water moccasins
  6 porcupines
  7 ogres
  9 ice beasts
  An eye of draining (D:9)
  2 black bears
  15 orc warriors
  2 wolves (Lair:2)
  16 centaurs
  17 crocodiles
  7 big kobolds
  17 bullfrogs
  A gnoll sergeant (D:8)
  2 scorpions (D:9)
  6 wights
  2 electric eels
  5 howler monkeys
  6 crimson imps
  2 centaur zombies
  A quasit (D:8)
  2 hounds
  8 orc priests
  4 jellies
  Terence (D:3)
  2 bullfrog skeletons
  7 iguanas
  10 orc wizards
  11 worker ants
  A killer bee zombie (D:8)
  A hound zombie (D:5)
  A hound skeleton (D:11)
  3 worker ant zombies
  Robin (D:3)
  4 gnolls (D:8)
  19 adders
  4 shadow imps
  3 oozes
  2 adder zombies
  2 adder skeletons
  2 worms
  A dart slug (D:4)
  6 leopard geckos
  70 orcs
  3 ball pythons
  4 bats
  5 giant cockroaches
  12 goblins
  9 hobgoblins
  6 jackals
  7 quokkas
  6 frilled lizards
  2 jackal skeletons
  33 kobolds
  A leopard gecko skeleton (D:6)
  13 rats
  A spectral orc (D:5)
  A plant (Lair:5)
589 creatures vanquished.

Vanquished Creatures (collateral kills)
  A slime creature (D:11)
  3 ice dragons
  4 hydras
  4 catoblepae
  A centaur warrior (D:13)
  6 death yaks
  Urug (D:10)
  Sonja (Lair:2)
  2 skeletal warriors (D:13)
  2 deep elf magi
  Pikel (D:5)
  An orc sorcerer (D:15)
  A guardian serpent (shapeshifter) (D:13)
  5 ugly things
  4 elephants
  A smoke demon (Volcano)
  3 centaur skeletons
  A black mamba (Lair:1)
  A kobold demonologist (D:15)
  4 spiny frogs
  3 komodo dragons (Lair:3)
  2 rime drakes
  2 trolls
  3 dream sheep
  10 blink frogs
  4 hippogriffs
  32 yaks
  A wyvern (D:12)
  A basilisk (D:9)
  A steam dragon (Lair:3)
  9 ice beasts
  2 water moccasins
  2 orc warriors
  A sky beast (D:5)
  An eye of draining (D:13)
  3 slaves (D:5)
  A phantom (D:5)
  A black bear (D:10)
  4 wolves (Lair:2)
  3 crocodiles
  3 big kobolds
  A scorpion (D:5)
  2 wights (D:13)
  2 crimson imps
  A howler monkey (D:11)
  2 orc priests
  4 orc wizards
  2 worker ants
  7 orcs
  2 kobolds
  A plant (Lair:6)
160 creatures vanquished.

Vanquished Creatures (others)
  A basilisk (Lair:3)
  A slave (D:5)
  6 fungi
  8 plants
16 creatures vanquished.

Grand Total: 765 creatures vanquished

Notes
Turn   | Place    | Note
-------+----------+-------------------------------------------
     0 | D:1      | Morbidden the Demonspawn Gladiator began the quest for the
                  | Orb.
     0 | D:1      | Reached XP level 1. HP: 16/16 MP: 1/1
   136 | D:1      | Gained mutation: You are partially covered in slimy green
                  | scales. (AC +2) [demonic ancestry]
   136 | D:1      | Reached XP level 2. HP: 9/22 MP: 2/2
   808 | D:2      | Reached XP level 3. HP: 3/27 MP: 3/3
  1063 | D:2      | Reached skill level 1 in Armour
  1237 | D:2      | Gained mutation: You are immune to rotting. [demonic
                  | ancestry]
  1237 | D:2      | Reached XP level 4. HP: 34/34 MP: 4/4
  1389 | D:2      | Found a faded altar of an unknown god.
  1414 | D:2      | Became a worshipper of the Wu Jian Council
  1414 | D:2      | Reached * piety under Wu Jian
  1908 | D:3      | Reached XP level 5. HP: 39/39 MP: 5/5
  2167 | D:3      | Noticed Robin
  2200 | D:3      | Killed Robin
  2204 | D:3      | Reached ** piety under Wu Jian
  2808 | D:3      | Noticed Terence
  2831 | D:3      | Killed Terence
  2831 | D:3      | Gained mutation: A weak demonic guardian rushes to your
                  | aid. [demonic ancestry]
  2831 | D:3      | Reached XP level 6. HP: 36/46 MP: 6/6
  3080 | D:3      | Noticed Grinder
  3108 | D:3      | Killed Grinder
  3108 | D:3      | Reached skill level 5 in Long Blades
  3358 | D:4      | Noticed a troll
  3388 | D:4      | Found a runed translucent gate.
  3389 | D:4      | Found a runed translucent gate.
  3389 | D:4      | Found a runed translucent gate.
  3389 | D:4      | Noticed acidapple's ghost (amateur DEVM)
  3428 | D:4      | Gained mutation: You have sharp toenails. [demonic
                  | ancestry]
  3428 | D:4      | Reached XP level 7. HP: 33/53 MP: 7/7
  3606 | D:4      | Killed a troll
  4061 | D:4      | Reached *** piety under Wu Jian
  4237 | D:5      | Entered Level 5 of the Dungeon
  4341 | D:5      | Gained mutation: A demonic guardian rushes to your aid.
                  | [demonic ancestry]
  4341 | D:5      | Reached XP level 8. HP: 59/61 MP: 8/8
  4381 | D:5      | Noticed Pikel
  4406 | D:5      | Killed Pikel
  4406 | D:5      | Reached skill level 5 in Fighting
  4509 | D:5      | Found a basalt altar of Yredelemnul.
  4583 | D:5      | Reached skill level 5 in Dodging
  4982 | D:6      | Reached **** piety under Wu Jian
  4982 | D:6      | Gained mutation: You have razor-sharp toenails. [demonic
                  | ancestry]
  4982 | D:6      | Reached XP level 9. HP: 69/69 MP: 9/9
  5137 | D:6      | Found Iduklyjai's Antique Weapon Shop.
  5420 | D:6      | Found a staircase to the Ecumenical Temple.
  5965 | D:7      | Found Nitsiw's Lightly-Used Armoury.
  6222 | D:8      | Noticed a brown ugly thing
  6238 | D:8      | Killed a brown ugly thing
  6238 | D:8      | Reached skill level 10 in Long Blades
  6337 | D:8      | Found a staircase to the Lair.
  6357 | D:8      | Reached XP level 10. HP: 77/77 MP: 10/10
  6650 | D:8      | Reached ***** piety under Wu Jian
  7492 | D:9      | Reached skill level 1 in Shields
  8026 | D:10     | Entered Level 10 of the Dungeon
  8148 | D:10     | Noticed Urug
  8166 | D:10     | Killed Urug
  8172 | D:10     | Found a staircase to the Orcish Mines.
  8413 | D:10     | Reached XP level 11. HP: 81/84 MP: 11/11
 10066 | D:11     | Got a translucent copper ring
 10337 | Lair:1   | Entered Level 1 of the Lair of Beasts
 10360 | Lair:1   | Reached ****** piety under Wu Jian
 10398 | Lair:1   | Found a dark tunnel.
 10398 | Lair:1   | Noticed a lindwurm
 10407 | Lair:1   | Killed a lindwurm
 10456 | Volcano  | Entered a volcano
 10506 | Volcano  | Noticed a red ugly thing
 10513 | Volcano  | Killed a red ugly thing
 10562 | Volcano  | Noticed a red ugly thing
 10562 | Volcano  | Noticed a red ugly thing
 10563 | Volcano  | Noticed a hell knight
 10582 | Volcano  | Killed a red ugly thing
 10603 | Volcano  | Killed a hell knight
 10603 | Volcano  | Reached skill level 1 in Short Blades
 10621 | Volcano  | Killed a red ugly thing
 10777 | Volcano  | Noticed a red ugly thing
 10777 | Volcano  | Noticed a red ugly thing
 10784 | Volcano  | Killed a green ugly thing
 10792 | Volcano  | Killed a green ugly thing
 11992 | Lair:2   | Noticed Gastronok
 12006 | Lair:2   | Killed Gastronok
 12006 | Lair:2   | Reached XP level 12. HP: 51/94 MP: 7/12
 12178 | Lair:2   | Found a runed translucent door.
 12182 | Lair:2   | Noticed Huxoxzufuz's ghost (journeyman GnFi)
 12183 | Lair:2   | Identified the cursed +1 trident of Ezaet {drain, rF+ rC+
                  | MR+}
 12192 | Lair:2   | Noticed a seven-headed hydra
 12201 | Lair:2   | Noticed Sonja
 12211 | Lair:2   | Killed a seven-headed hydra
 12215 | Lair:2   | Killed Sonja
 12309 | Lair:2   | Identified the ring of Biczesyg {rN+ Dex+5} (You found it
                  | on level 11 of the Dungeon)
 12598 | Lair:3   | Found a hole to the Spider Nest.
 12607 | Lair:3   | Reached skill level 5 in Short Blades
 12658 | Lair:3   | Found a frozen archway.
 12676 | IceCv    | Entered an ice cave
 12696 | IceCv    | Reached skill level 5 in Armour
 12744 | IceCv    | Reached skill level 1 in Evocations
 13473 | IceCv    | Noticed an ice dragon
 13475 | IceCv    | Noticed an ice dragon
 13485 | IceCv    | Killed an ice dragon
 13494 | IceCv    | Killed an ice dragon
 13839 | Lair:3   | Noticed a five-headed hydra
 13890 | Lair:3   | Killed a five-headed hydra
 13890 | Lair:3   | Reached skill level 10 in Fighting
 13994 | Lair:3   | Noticed a four-headed hydra
 14001 | Lair:3   | Killed a four-headed hydra
 14104 | Lair:3   | Noticed a death yak
 14117 | Lair:3   | Killed a death yak
 14342 | Lair:4   | Reached skill level 10 in Dodging
 14344 | Lair:4   | Reached XP level 13. HP: 104/104 MP: 13/13
 15082 | Lair:4   | Found a staircase to the Swamp.
 15640 | Lair:5   | Found a shattered altar of Ashenzari.
 16271 | Lair:6   | Entered Level 6 of the Lair of Beasts
 16409 | Lair:6   | Reached XP level 14. HP: 67/115 MP: 15/15
 17900 | D:12     | Found Awaonyp's Magic Scroll Shop.
 17908 | D:12     | Bought a scroll of acquirement for 676 gold pieces
 17908 | D:12     | Bought a scroll of enchant armour for 97 gold pieces
 17909 | D:12     | Found a runed translucent gate.
 17910 | D:12     | Found a runed translucent gate.
 17911 | D:12     | Found a runed translucent gate.
 17933 | D:12     | Found a flagged portal.
 17942 | Bailey   | Entered a bailey
 18458 | Bailey   | Gained mutation: You have claws for feet. [demonic
                  | ancestry]
 18458 | Bailey   | Reached XP level 15. HP: 115/122 MP: 15/19
 18834 | D:12     | Noticed SquishyGarg's ghost (journeyman GrFi)
 18859 | D:12     | Got an ichor-stained crystal plate armour
 18872 | D:12     | Identified the +0 crystal plate armour "Weriummy" {Str+2}
                  | (You acquired it on level 12 of the Dungeon)
 19529 | Spider:1 | Entered Level 1 of the Spider Nest
 19834 | D:13     | Found Ruimumad's Assorted Antiques.
 20018 | D:13     | Found a runed translucent door.
 20391 | D:13     | Found a gate to the Vaults.
 20709 | D:14     | Gained mutation: You are mostly covered in slimy green
                  | scales. (AC +3) [demonic ancestry]
 20709 | D:14     | Reached XP level 16. HP: 132/132 MP: 20/20
 21662 | D:15     | Entered Level 15 of the Dungeon
 22146 | D:15     | Paralysed by a wizard for 4 turns
 22194 | D:15     | Found a staircase to the Depths.
 22209 | D:15     | Paralysed by an orc sorcerer for 7 turns
 22212 | D:15     | HP: 4/133 [two-headed ogre/+0 giant spiked club (14)]
 22212 | D:15     | Slain by a two-headed ogre

Skill      XL: |  1  2  3  4  5  6  7  8  9 10 11 12 13 14 15 16 |
---------------+-------------------------------------------------+-----
Long Blades    | 3 4 5 6 8 10 11 12 13 14 | 14.6
Dodging        | 3 4 5 6 7 8 10 11 12 13 | 13.3
Armour         | 1 2 3 4 5 |  5.5
Throwing       | 2 |  2.1
Fighting       | 3 4 5 6 7 8 10 12 13 14 | 14.1
Shields        | 2 4 |  4.2
Short Blades   | 3 5 |  5.2
Evocations     | 1 6 |  6.4
Stealth        | |  0.1

Action                   |  1- 3 |  4- 6 |  7- 9 | 10-12 | 13-15 | 16-18 || total
-------------------------+-------+-------+-------+-------+-------+-------++-------
Melee: Long sword        |    98 |    55 |       |       |       |       ||   153
       Falchion          |       |   185 |   533 |  1202 |  1997 |   275 ||  4192
       Short sword       |       |       |       |   245 |       |       ||   245
       Kick              |       |       |       |       |   315 |   167 ||   482
Invok: Lunge             |       |     8 |    33 |    67 |    74 |    14 ||   196
       Whirlwind         |       |     2 |     1 |    40 |   255 |     6 ||   304
       Serpent's Lash    |       |       |     1 |     1 |     3 |       ||     5
       Heavenly Storm    |       |       |       |       |     1 |       ||     1
Evoke: Lightning rod     |       |       |       |     6 |     4 |     3 ||    13
       Wand              |       |       |       |       |    16 |    10 ||    26
  Use: Potion            |     1 |     3 |       |     4 |     4 |       ||    12
       Scroll            |       |     4 |     5 |     8 |     5 |     1 ||    23
 Stab: Sleeping          |       |       |     3 |     4 |     2 |     3 ||    12
       Distracted        |       |       |     3 |     8 |    15 |       ||    26
       Petrified         |       |       |       |       |   109 |       ||   109
       Petrifying        |       |       |       |       |     8 |       ||     8
  Eat: Chunk             |     1 |     7 |    11 |    18 |    21 |     6 ||    64
       Ration            |       |       |     1 |     3 |     1 |       ||     5
Armor: Leather armour    |    12 |       |       |       |       |       ||    12
       Scale mail        |    35 |   108 |     8 |       |       |       ||   151
       Troll leather arm |       |       |   102 |   183 |   232 |    37 ||   554
       Chain mail        |       |       |       |    28 |       |       ||    28
Dodge: Dodged            |    70 |   190 |   466 |   891 |  1398 |   177 ||  3192
Block: Buckler           |       |       |       |   254 |   433 |    42 ||   729
       Shield            |       |       |       |       |       |    29 ||    29
       Rpst.: Long sword |    20 |    10 |       |       |       |       ||    30
       Falchion          |       |    49 |   107 |   249 |   321 |    37 ||   763
